 Dungeon Crawl Stone Soup version 0.30-a0-808-g6e0788376e (webtiles) character file.

Game seed: 10027702627533945713

3350 Ceno the Purveyor of Pain (level 10, -1/49 HPs)
             Began as a Vine Stalker Necromancer on Feb 26, 2023.
             Was an Initiate of Kikubaaqudgha.
             Succumbed to a hornet's poison
             ... while paralysed by a hornet
             ... on level 8 of the Dungeon.
             The game lasted 00:32:39 (7661 turns).

Ceno the Purveyor of Pain (VSNe)                    Turns: 7661, Time: 00:32:40

Health: -1/49      AC:  9    Str: 12    XL:     10   Next: 3%
Magic:  3/23       EV:  2    Int: 21    God:    Kikubaaqudgha [......]
Gold:   420        SH:  0    Dex: 14    Spells: 12/25 levels left

rFire   + . .      SeeInvis +    a - +1 dagger (speed)
rCold   + . .      Faith    .    (no shield)
rNeg    . . .      Spirit   +    B - +1 leather armour of Refuge {rElec rF+ Int+2}
rPois   .          Reflect  .    v - +2 hat {SInv}
rElec   +          Harm     .    (no cloak)
rCorr   .          Rampage  .    m - +0 pair of gloves
Will    +....                    h - +1 pair of boots
Stlth   +++                      u - amulet of the acrobat
HPRegen 1.08/turn                E - ring of protection from cold
MPRegen 0.18/turn                (no ring)

@: paralysed, lethally poisoned (-1 -> -8), animating dead, slowed
A: fangs 3, regeneration 1, magic shield, antimagic bite, no potion heal 2
a: Renounce Religion


You were on level 8 of the Dungeon.
You worshipped Kikubaaqudgha.
Kikubaaqudgha was noncommittal.
You visited 2 branches of the dungeon, and saw 9 of its levels.

You collected 420 gold pieces.

Inventory:

Hand Weapons
 a - a +1 dagger of speed (weapon)
 b - a +2 dagger of venom
Missiles
 f - 83 stones
 r - 13 poisoned darts (quivered)
 A - 2 throwing nets
Armour
 h - a +1 pair of boots (worn)
 m - a +0 pair of gloves (worn)
 v - a +2 hat of see invisible (worn)
 B - the +1 leather armour of Refuge (worn) {rElec rF+ Int+2}
   (You found it on level 5 of the Dungeon)

   Int:       It affects your intelligence (+2).
   rF:        It protects you from fire.
   rElec:     It insulates you from electricity.
Jewellery
 u - an amulet of the acrobat (around neck)
 E - a ring of protection from cold (left hand)
Wands
 t - a wand of polymorph (16)
Scrolls
 c - a scroll of teleportation
 e - a scroll of enchant armour {unknown}
 g - a scroll of immolation {unknown}
 i - 3 scrolls of poison
 k - a scroll of magic mapping
 w - a scroll of noise {unknown}
 x - a scroll of fear {unknown}
 y - a scroll of enchant weapon {unknown}
 z - a scroll of fog {unknown}
 C - a scroll of vulnerability {unknown}
 F - 2 scrolls of blinking {unknown}
Potions
 d - a potion of degeneration
 j - a potion of magic
 l - a potion of cancellation
 n - 7 potions of curing
 o - 5 potions of lignification
 p - 2 potions of flight
 q - a potion of might {unknown}
 s - 2 potions of haste {unknown}
 D - a potion of mutation {unknown}
 G - a potion of ambrosia {unknown}
 H - a potion of heal wounds {unknown}
 I - a potion of berserk rage {unknown}


   Skills:
 + Level 3.5 Fighting
 + Level 3.5 Short Blades
 - Level 1.5 Dodging
 + Level 5.9 Stealth
 - Level 8.0 Spellcasting
 - Level 10.0 Necromancy


You had 12 spell levels left.
You knew the following spells:

 Your Spells              Type           Power      Damage    Failure   Level
a - Necrotise             Necr           100%       1d9       1%          1
b - Vampiric Draining     Necr           50%        2d9       1%          3
c - Animate Dead          Necr           50%        N/A       1%          4
d - Agony                 Necr           50%        N/A       4%          5

Your spell library contained the following spells:

 Spells                   Type           Power      Damage    Failure   Level
 Foxfire                  Conj/Fire      32%        2x1d5     10%         1
 Shock                    Conj/Air       32%        1d5       10%         1
 Slow                     Hex            32%        N/A       10%         1
 Confusing Touch          Hex            8%         N/A       30%         3
 Inner Flame              Hex/Fire       8%         N/A       30%         3
 Swiftness                Air            8%         N/A       30%         3
 Airstrike                Air            4%         2d(1-17)  69%         4
 Flame Wave               Conj/Fire      8%         2d5       69%         4
 Sticky Flame             Conj/Fire      8%         2d3       69%         4
 Fireball                 Conj/Fire      4%         3d4       95%         5
 Starburst                Conj/Fire      4%         6d3       100%        6


Dungeon Overview and Level Annotations

Branches:
Dungeon (8/15)             Temple (1/1) D:7            Lair (0/5) D:8

Altars:
Ashenzari
Cheibriados
Dithmenos
Elyvilon
Fedhas
Gozag
Hepliaklqana
Kikubaaqudgha
Makhleb
Nemelex Xobeh
Okawaru
Qazlal
Ru
Sif Muna
Trog
Uskayaw
Vehumet
Xom
Yredelemnul
Zin
The Shining One

Shops:
D:2 =   D:5 *


Innate Abilities, Weirdness & Mutations

You have razor-sharp teeth.
Your natural rate of healing is unusually fast.
When hurt, damage is shared between your health and your magic reserves.
Your bite disrupts and absorbs the magic of your enemies.
Potions cannot restore your health.


Message History

You barely miss the hornet. You bite the hornet, but do no damage.
The hornet is heavily wounded.
You feel sick. The hornet closely misses you.
Casting: Animate Dead (dangerous; 1% risk of failure)
Confirm with . or Enter, or press ? or * to list all spells.
Aiming: Necrotise (safe; 1% risk of failure)
Press: ? - help, Shift-Dir - straight line, f/p - hornet
Aim: a hornet (heavily wounded, chance to affect: 77%)
The hornet writhes in agony.
You feel sick. The hornet stings you.
You are more poisoned.
You shrug off the repeated paralysis!
The hornet stings you.
You feel as though you will be slow longer.
Casting: Necrotise (safe; 1% risk of failure)
Confirm with . or Enter, or press ? or * to list all spells.
Aiming: Necrotise (safe; 1% risk of failure)
Press: ? - help, Shift-Dir - straight line, f/p - hornet
Aim: a hornet (heavily wounded, chance to affect: 77%)
The hornet writhes in agony!
You feel very sick. The hornet barely misses you.
The hornet stings you but does no damage.
Casting: Necrotise (safe; 1% risk of failure)
Confirm with . or Enter, or press ? or * to list all spells.
Aiming: Necrotise (safe; 1% risk of failure)
Press: ? - help, Shift-Dir - straight line, f/p - hornet
Aim: a hornet (severely wounded, chance to affect: 77%)
The hornet barely resists.
You feel yourself speed up.
You feel very sick. The hornet stings you.
You feel yourself slow down. The hornet stings you!
* * * LOW HITPOINT WARNING * * *
You suddenly lose the ability to move!
The hornet stings you!
* * * LOW HITPOINT WARNING * * *
You are lethally poisoned!
You feel as though you will be slow longer.
* * * LOW HITPOINT WARNING * * *
You feel very sick.
The hornet stings you but does no damage.
You die...
Kikubaaqudgha rasps: "You have failed me!
Welcome... death!"

#.# #.##.....# #.# *****
#.# #.##.._..###.######..,,
#.# #.#.._8_..............#
#.###....._..###.######....
#....###.....###....F......
####.# ###.................
#.# ##.#############..
#.######y# *** #......@.# *
########## * * * * * *


You could see a hornet.

Vanquished Creatures
  A rime drake (D:8)
  Prince Ribbit (D:7)
  A hornet (D:8)
  Sigmund (D:4)
  Menkaure (D:4)
  3 water moccasins
  Duvessa (D:4)
  3 ice beasts
  A wolf (D:8)
  2 sky beasts
  3 black bears
  An ogre (D:6)
  A necrophage (D:5)
  2 bullfrogs
  2 scorpions
  Dowan (D:4)
  A howler monkey (D:5)
  4 hounds
  2 gnoll boudas (D:7)
  2 orc wizards (D:7)
  9 gnolls
  6 adders
  2 white imps (D:7)
  3 ufetubi
  A worm (D:3)
  4 dart slugs
  13 orcs
  6 ball pythons
  5 bats
  7 endoplasms
  5 giant cockroaches
  6 goblins
  3 hobgoblins
  5 jackals (D:2)
  3 kobolds
  4 quokkas
  2 frilled lizards
  5 rats
123 creatures vanquished.

Vanquished Creatures (collateral kills)
  An ice beast (D:8)
  A wolf (D:8)
  Ijyb (D:4)
  A gnoll (D:5)
  2 endoplasms
  A jackal (D:2)
  3 rats
10 creatures vanquished.

Vanquished Creatures (others)
  A hornet zombie (D:8)
  A bullfrog zombie (D:6)
  4 gnoll zombies
  An endoplasm zombie (D:4)
  3 orc zombies
10 creatures vanquished.

Grand Total: 143 creatures vanquished

Notes
Turn   | Place    | Note
-------+----------+-------------------------------------------
     0 | D:1      | Ceno the Vine Stalker Necromancer began the quest for the
                  | Orb.
     0 | D:1      | Reached XP level 1. HP: 9/9 MP: 4/4
   171 | D:1      | Reached XP level 2. HP: 13/13 MP: 3/6
   534 | D:1      | Reached XP level 3. HP: 16/16 MP: 6/8
   538 | D:1      | Learned a level 3 spell: Vampiric Draining
  1110 | D:2      | Found Ajuh's Jewellery Emporium.
  1203 | D:2      | Reached skill level 5 in Necromancy
  1218 | D:2      | Gained mutation: Your natural rate of healing is unusually
                  | fast. [Vine Stalker growth]
  1218 | D:2      | Reached XP level 4. HP: 12/21 MP: 1/9
  1223 | D:2      | Learned a level 4 spell: Animate Dead
  1570 | D:3      | Found a shadowy altar of Dithmenos.
  2437 | D:4      | Noticed Sigmund
  2539 | D:4      | Noticed Ijyb
  2566 | D:4      | Killed Ijyb
  2567 | D:4      | Reached XP level 5. HP: 24/24 MP: 7/11
  2635 | D:4      | Noticed Duvessa
  2635 | D:4      | Noticed Dowan
  2750 | D:4      | Noticed Menkaure
  2841 | D:4      | Noticed a black bear
  2866 | D:5      | Entered Level 5 of the Dungeon
  2893 | D:5      | Reached skill level 6 in Necromancy
  3051 | D:5      | Reached XP level 6. HP: 27/28 MP: 12/12
  3166 | D:5      | Found Ocvasis's General Store.
  3499 | D:5      | Identified the +1 leather armour of Refuge {rElec rF+
                  | Int+2}
  3673 | D:5      | Noticed a water moccasin
  3805 | D:6      | Learned a level 5 spell: Agony
  3937 | D:6      | Found a broken altar of Ashenzari.
  3975 | D:6      | Reached skill level 7 in Necromancy
  3975 | D:6      | Reached XP level 7. HP: 32/32 MP: 12/14
  4168 | D:6      | Reached skill level 5 in Spellcasting
  4535 | D:5      | Found a sparkling altar of Nemelex Xobeh.
  4602 | D:7      | Found a radiant altar of Vehumet.
  4602 | D:7      | Found a shimmering altar of Xom.
  4604 | D:7      | Found a burning altar of Makhleb.
  4604 | D:7      | Found an opulent altar of Gozag.
  4680 | D:7      | Reached skill level 8 in Necromancy
  4842 | D:7      | Gained mutation: You have razor-sharp teeth. [Vine Stalker
                  | growth]
  4842 | D:7      | Reached XP level 8. HP: 36/36 MP: 11/17
  5171 | D:7      | Found a staircase to the Ecumenical Temple.
  5436 | D:7      | Reached skill level 9 in Necromancy
  5819 | Temple   | Entered the Ecumenical Temple
  5853 | Temple   | Became a worshipper of Kikubaaqudgha
  6156 | D:4      | Killed Duvessa
  6166 | D:4      | Killed Dowan
  6195 | D:4      | Killed Menkaure
  6196 | D:4      | Reached skill level 10 in Necromancy
  6196 | D:4      | Reached XP level 9. HP: 33/39 MP: 18/20
  6550 | D:4      | Found a hazy altar of Hepliaklqana.
  6551 | D:4      | Found a faded altar of an unknown god.
  6560 | D:4      | Killed Sigmund
  6561 | D:4      | Reached skill level 1 in Fighting
  6561 | D:4      | Reached skill level 1 in Short Blades
  6787 | D:8      | Found a blossoming altar of Fedhas.
  6875 | D:8      | Found a sacrificial altar of Ru.
  6875 | D:8      | Found a hide-covered altar of Uskayaw.
  6875 | D:8      | Found a glowing silver altar of Zin.
  7100 | D:8      | Noticed a hornet
  7110 | D:8      | Paralysed by a hornet for 1 turns
  7112 | D:8      | Killed a hornet
  7256 | D:8      | Found a staircase to the Lair.
  7271 | D:8      | Noticed a rime drake
  7299 | D:8      | Killed a rime drake
  7300 | D:8      | Reached skill level 5 in Stealth
  7485 | D:8      | Noticed Prince Ribbit
  7485 | D:8      | Noticed a hornet
  7526 | D:7      | Killed Prince Ribbit
  7527 | D:7      | Reached XP level 10. HP: 39/49 MP: 0/23
  7653 | D:8      | Paralysed by a hornet for 2 turns
  7659 | D:8      | Paralysed by a hornet for 3 turns
  7660 | D:8      | HP: 2/49 [poisoned by a hornet]
  7661 | D:8      | Succumbed to a hornet's poison

Illustrated notes

Levels and vault maps discovered:
D:1:      dpeg_arrival_orchard, layout_loops_ring, reono_crystal_passage,
          nicolae_figureground_pulse
D:2:      layout_rooms, serial_shops, shop
D:3:      layout_basic, mainiacjoe_overflow_paths
D:4:      layout_loops_ring, beargit_hepliaklqana_dungeon_heroes, uniq_duvessa,
          uniq_menkaure, uniq_ijyb
D:5:      layout_loops_ring, nicolae_overflow_hidden_temple, serial_shops,
          nicolae_shop_advertising_works [nicolae_subvault_shop_adworks]
D:6:      layout_layer_cave, cheibrodos_ashenzari_chains
D:7:      layout_basic, mainiacjoe_overflow_alcove_3,
          minmay_temple_entry_nine_rooms, minmay_misc_feat_plants
D:8:      layout_loops_ring, chequers_temple_overflow_statue_of_worship,
          mainiacjoe_overflow_alcove_4, hellmonk_lair_entry_icy,
          uniq_prince_ribbit1
Temple:   chequers_temple_sunken

Skill      XL: |  1  2  3  4  5  6  7  8  9 |
---------------+----------------------------+-----
Necromancy     | 5 6 7 8 10 | 10.0
Spellcasting   | 3 4 5 6 8 |  8.0
Fighting       | 3 |  3.5
Short Blades   | 3 |  3.5
Stealth        | 5 |  5.9
Dodging        | |  1.5

Action                     |  1- 3 |  4- 6 |  7- 9 | 10-12 || total
---------------------------+-------+-------+-------+-------++-------
  Melee: Unarmed           |     5 |     8 |       |       ||    13
         Bite              |     3 |    25 |    88 |     2 ||   118
         Dagger            |     6 |    73 |   297 |     2 ||   378
         Punch             |       |     1 |     9 |       ||    10
  Throw: Stone             |     1 |     1 |       |       ||     2
         Dart              |       |     3 |     2 |       ||     5
         Throwing net      |       |       |     1 |       ||     1
   Cast: Necrotise         |    63 |    50 |    33 |     3 ||   149
         Animate Dead      |       |     3 |     8 |     1 ||    12
         Agony             |       |     2 |    18 |     1 ||    21
         Vampiric Draining |       |       |     7 |       ||     7
    Use: Scroll            |       |     5 |     3 |       ||     8
   Stab: Sleeping          |     1 |     3 |     3 |       ||     7
         Distracted        |       |     2 |     1 |       ||     3
 Armour: Robe              |     1 |       |       |       ||     1
         Leather armour    |     4 |    17 |    81 |     5 ||   107
         Skin              |       |     1 |       |       ||     1
  Dodge: Dodged            |     7 |    34 |   136 |     2 ||   179

Table legend: (Time is in decaauts)
 A = Elapsed time spent in this place.
 B = Non-inter-level travel time spent in this place.
 C = Inter-level travel time spent in this place.
 D = Time resting spent in this place.
 E = Time spent auto-exploring this place.
 F = Levels seen in this place.
 G = Mean time per level.
                   A        B        C        D        E       F      G
               +--------+--------+--------+--------+--------+-----+--------+
         Total |   7544 |   6876 |    668 |    489 |   3410 |   9 |  838.2 |
       Dungeon |   7487 |   6836 |    651 |    489 |   3403 |   8 |  935.9 |
        Temple |     57 |     40 |     17 |      0 |      7 |   1 |   57.0 |
               +--------+--------+--------+--------+--------+-----+--------+

Top non-repeatable levels by time:
     D:7: 1497 daAuts
     D:4: 1207 daAuts
     D:1: 1064 daAuts
     D:5: 948 daAuts
     D:6: 885 daAuts
     D:3: 763 daAuts
     D:8: 652 daAuts
     D:2: 467 daAuts
  Temple: 57 daAuts
